 Dungeon Crawl Stone Soup version 0.31-a0-277-g31ea1f65cc (webtiles) character file.

Game seed: 952797097529591779

257 lessens the Chopper (level 5, -3/45 HPs)
             Began as a Draconian Fighter on July 16, 2023.
             Slain by a gnoll bouda
             ... wielding a +0 whip
              (6 damage)
             ... on level 3 of the Dungeon.
             The game lasted 00:03:28 (2604 turns).

lessens the Chopper (Draconian Fighter)             Turns: 2604, Time: 00:03:28

Health: -3/45      AC:  5    Str: 20    XL:     5   Next: 93%
Magic:  5/5        EV: 12    Int:  8    God:
Gold:   95         SH:  4    Dex: 11    Spells: 4/4 levels left

rFire   . . .        a - +0 war axe
rCold   . . .        b - +0 buckler
rNeg    . . .        (body armour unavailable)
rPois   .            (helmet restricted)
rElec   .            (no cloak)
rCorr   .            (no gloves)
SInv    .            (no boots)
Will    .....        (no amulet)
Stlth   +            (no ring)
HPRegen 0.27/turn    (no ring)
MPRegen 0.09/turn

%: no passive effects
@: no status effects
A: AC +5, unfitting armour, cold-blooded
a: no special abilities


You were on level 3 of the Dungeon.
You visited 1 branch of the dungeon, and saw 4 of its levels.

You collected 95 gold pieces.

Inventory:

Hand Weapons
 a - a +0 war axe (weapon)
Missiles
 d - 19 stones
 s - 4 atropa-tipped darts
Armour
 b - a +0 buckler (worn)
Wands
 q - a wand of flame (25)
Scrolls
 e - a scroll of teleportation {unknown}
 g - a scroll of immolation {unknown}
 j - 2 scrolls of blinking {unknown}
 k - 3 scrolls of identify {unknown}
 m - a scroll of amnesia {unknown}
Potions
 c - 2 potions of might
 f - a potion of resistance {unknown}
 h - a potion of berserk rage {unknown}
 i - a potion of curing {unknown}
 l - a potion of brilliance {unknown}
 n - a potion of invisibility {unknown}
 o - 2 potions of degeneration {unknown}
 p - a potion of mutation {unknown}
 r - a potion of magic {unknown}


   Skills:
 - Level 3.2 Fighting
 + Level 6.3 Axes
 - Level 2.6 Dodging
 - Level 3.0 Shields


You had 4 spell levels left.
You didn't know any spells.
Your spell library was empty.

Dungeon Overview and Level Annotations

Branches:
Dungeon (4/15) Zot: 21320
 Temple: D:4-7

Altars:
Nemelex Xobeh

Annotations:
D:3 3 runed translucent doors, HallandMoats's ghost, amateur DsFi


Innate Abilities, Weirdness & Mutations

Your plain brown scales are hard. (AC +5)
You cannot fit into any form of body armour.
You are cold-blooded and may be slowed by cold attacks.


Message History

You block the gnoll's attack. The gnoll bouda completely misses you.
The gnoll bouda attacks as you move away!
The gnoll bouda barely misses you. You block the gnoll's attack.
There is a stone staircase leading up here.
The gnoll barely misses you.
The gnoll bouda gazes fiercely through you!
You feel your attacks grow feeble.
The gnoll bouda hits you with a +0 whip.
You climb upwards.
Level annotation: 3 runed translucent doors, HallandMoats's ghost, amateur DsFi
There is a stone staircase leading down here.
You hit the gnoll bouda but do no damage.
You tail-slap the gnoll bouda, but do no damage.
The gnoll bouda is moderately wounded.
The gnoll bouda hits you with a +0 whip.
* * * LOW HITPOINT WARNING * * *
You closely miss the gnoll bouda.
The gnoll bouda is moderately wounded.
Your attacks no longer feel as feeble.
The gnoll bouda hits you with a +0 whip!
* * * LOW HITPOINT WARNING * * *
You closely miss the gnoll bouda.
The gnoll bouda is moderately wounded.
You block the gnoll bouda's attack.
You hit the gnoll bouda but do no damage.
You tail-slap the gnoll bouda.
The gnoll bouda is heavily wounded.
The gnoll bouda hits you with a +0 whip.
* * * LOW HITPOINT WARNING * * *
The gnoll bouda hits you with a +0 whip.
* * * LOW HITPOINT WARNING * * *
Okay, then.
You hit the gnoll bouda.
The gnoll bouda is heavily wounded.
The gnoll bouda barely misses you.
You closely miss the gnoll bouda.
The gnoll bouda is heavily wounded.
The gnoll bouda hits you with a +0 whip.
You die...

###....# ##......#
#####..#....####
####.....##......#(
#####....#######..#..#.
#......### ###..##..+. #......#
#...##...+. ####### #......#
#.####...+. #.....#
#.....@######.#......#( #.....#
#....g...............#W
#.....#####.÷.....#####...#######
#.......................#########
#......####......................
#...............#..............>.
#..###..........#..........###...
#...†......................##....
#.####..............#......##....


You could see a gnoll bouda.

Vanquished Creatures
  A phantom (D:4)
  An orc wizard (D:3)
  7 gnolls
  An adder (D:3)
  A worm (D:2)
  A dart slug (D:3)
  4 orcs (D:3)
  6 ball pythons
  7 endoplasms
  12 goblins
  7 hobgoblins
  3 jackals (D:2)
  3 kobolds
  3 quokkas
  8 bats
  3 frilled lizards (D:1)
  8 rats
76 creatures vanquished.

Notes
Turn   | Place    | Note
-------+----------+-------------------------------------------
     0 | D:1      | lessens the Draconian Fighter began the quest for the Orb.
     0 | D:1      | Reached XP level 1. HP: 19/19 MP: 1/1
   119 | D:1      | Reached XP level 2. HP: 25/26 MP: 2/2
   232 | D:1      | Reached skill level 3 in Axes
   948 | D:2      | Reached XP level 3. HP: 31/31 MP: 3/3
  1073 | D:2      | Reached skill level 4 in Axes
  1119 | D:2      | Reached XP level 4. HP: 35/38 MP: 4/4
  1851 | D:3      | Reached skill level 5 in Axes
  1997 | D:3      | Found a sparkling altar of Nemelex Xobeh.
  2022 | D:3      | Reached XP level 5. HP: 43/45 MP: 5/5
  2084 | D:3      | Found a runed translucent gate.
  2084 | D:3      | Found a runed translucent gate.
  2084 | D:3      | Found a runed translucent gate.
  2085 | D:3      | Noticed HallandMoats's ghost (amateur DsFi)
  2538 | D:4      | Noticed a phantom
  2550 | D:4      | Killed a phantom
  2551 | D:4      | Reached skill level 6 in Axes
  2602 | D:3      | HP: 2/45 [gnoll bouda/+0 whip (2)]
  2604 | D:3      | Slain by a gnoll bouda

Illustrated notes

Levels and vault maps discovered:
D:1:      dpeg_arrival_rooms_a, layout_basic
D:2:      layout_basic, serial_rivers, chequers_serial_rivers_marsh,
          chequers_serial_rivers_room_b, chequers_serial_rivers_small_3,
          chequers_serial_rivers_small_a, chequers_serial_rivers_marsh,
          ebering_dispersal_statue_hall, hangedman_decor_clover_reticule
D:3:      layout_rooms, mainiacjoe_overflow_boulevard, ebering_ghost_rock_garden
D:4:      minmay_angry_zag, layout_cave_pools, lemuel_crystal_altar, uniq_edmund

Skill      XL: |  1  2  3  4  5 |
---------------+----------------+-----
Axes           | 3 4 5 6 |  6.3
Fighting       | |  3.2
Dodging        | |  2.6
Shields        | |  3.0

Action                     |  1- 3 |  4- 6 || total
---------------------------+-------+-------++-------
  Melee: War axe           |    73 |    99 ||   172
         Tailslap          |     9 |     8 ||    17
    Use: Potion            |       |     2 ||     2
   Stab: Sleeping          |       |     2 ||     2
 Armour: Skin              |    19 |    40 ||    59
  Dodge: Dodged            |    39 |    57 ||    96
  Block: Buckler           |    12 |    22 ||    34

Table legend: (Time is in decaauts)
 A = Elapsed time spent in this place.
 B = Non-inter-level travel time spent in this place.
 C = Inter-level travel time spent in this place.
 D = Time resting spent in this place.
 E = Time spent auto-exploring this place.
 F = Levels seen in this place.
 G = Mean time per level.
                   A        B        C        D        E       F      G
               +--------+--------+--------+--------+--------+-----+--------+
         Total |   2678 |   2608 |     70 |    119 |   2006 |   4 |  669.5 |
       Dungeon |   2678 |   2608 |     70 |    119 |   2006 |   4 |  669.5 |
               +--------+--------+--------+--------+--------+-----+--------+

Top non-repeatable levels by time:
     D:1: 940 daAuts
     D:2: 896 daAuts
     D:3: 776 daAuts
     D:4: 64 daAuts

Levels and vault maps discovered:
D:1:      dpeg_arrival_rooms_a, layout_basic
D:2:      layout_basic, serial_rivers, chequers_serial_rivers_marsh,
          chequers_serial_rivers_room_b, chequers_serial_rivers_small_3,
          chequers_serial_rivers_small_a, chequers_serial_rivers_marsh,
          ebering_dispersal_statue_hall, hangedman_decor_clover_reticule
D:3:      layout_rooms, mainiacjoe_overflow_boulevard, ebering_ghost_rock_garden
D:4:      minmay_angry_zag, layout_cave_pools, lemuel_crystal_altar, uniq_edmund
